AoeStats
← Infadel

Hideout

510253067Analyzed
1v1 RM · 1d ago on Sep 30, 2026· 32m 56s· 2 players
Game mode
Random Map
Map size
Tiny (2 player)
Population
200
Speed
Normal
Resources
Standard
Victory
Conquest
Starting age
Dark Age
Ending age
Imperial Age
RankedLock teamsTeams togetherTeam positionsShared explorationLock speedFull tech treeHidden civsTurbo modeCheats
Victory
Defeat
🇺🇸 Vikings · United States
1034
+18
🇮🇳 Burgundians · India
1077
-18
L33tHaxMan
10:56 Feudal Age
11:24 Arson
11:02 Man-at-Arms
11:36 Double-Bit Axe
12:22 Horse Collar
15:03 Forging
17:29 Scale Mail Armor
21:05 Castle Age
18:51 Loom
19:21 Gold Mining
21:09 Long Swordsman
22:08 Chain Mail Armor
22:24 Bow Saw
23:37 Iron Casting
24:33 Squires
28:47 Heavy Plow
32:51 Imperial Age
30:07 Town Watch
29:57 Elite Skirmisher
30:27 Pikeman
Infadel
5:59 Double-Bit Axe
6:58 Wheelbarrow
10:21 Loom
12:26 Gold Mining
14:33 Feudal Age
12:49 Loom
14:38 Feudal Age
16:04 Bow Saw
18:57 Town Watch
20:26 Fletching
21:10 Horse Collar
23:50 Castle Age
21:52 Stone Mining
22:37 Gold Shaft Mining
27:18 Two-Man Saw
27:43 Scale Barding Armor
27:49 Forging
27:52 Heavy Plow
29:24 Hand Cart
31:13 Stone Shaft Mining
31:18 Ballistics
32:02 Man-at-Arms
33:19 Iron Casting
32:44 Scale Mail Armor
Connection lost

Rejoining the realm…

Still unreachable

The connection could not be restored.

Session expired

The server has moved on; the page needs a fresh start.